 Dungeon Crawl Stone Soup version 0.26-a0-163-g6c8a0bf695 (webtiles) character file.

Game seed: 5194833830780940695

4 Gargoyl the Skirmisher (level 1, 0/19 HPs)
             Began as a Centaur Abyssal Knight on July 3, 2020.
             Was an Initiate of Lugonu.
             Slain by a hobgoblin (1 damage)
             ... on level 1 of the Dungeon.
             The game lasted 00:01:23 (323 turns).

Gargoyl the Skirmisher (Centaur Abyssal Knight)      Turns: 323, Time: 00:01:24

Health: 0/19       AC:  4    Str: 20    XL:     1   Next: 58%
Magic:  2/2        EV:  9    Int: 11    God:    Lugonu [......]
Gold:   29         SH:  0    Dex:  8    Spells: 0/0 levels left

rFire    . . .     SeeInvis .   a - +1 hand axe
rCold    . . .     Faith    .   (no shield)
rNeg     . . .     Spirit   .   b - +0 leather armour
rPois    .         Reflect  .   (no helmet)
rElec    .         Harm     .   (no cloak)
rCorr    .                      (no gloves)
MR       .....                  (no barding)
Stlth    ..........             (no amulet)
HPRegen  0.06/turn              e - +6 ring of strength
MPRegen  0.08/turn              (no ring)

@: very quick
A: large, hooves 3, deformed body, speed 2, tough skin 3
a: Renounce Religion


You were on level 1 of the Dungeon.
You worshipped Lugonu.
Lugonu was noncommittal.
You were not hungry.

You visited 1 branch of the dungeon, and saw 1 of its levels.
You visited the Abyss 1 time.

You collected 29 gold pieces.

Inventory:

Hand Weapons
 a - a +1 hand axe (weapon)
Armour
 b - a +0 leather armour (worn)
Jewellery
 e - a +6 ring of strength (left hand)
Comestibles
 c - 2 rations


   Skills:
 + Level 3.1 Fighting
 + Level 1.8 Axes
 * Level 1.4 Armour
 * Level 0.7 Dodging
 * Level 2.0 Invocations


You couldn't memorise any spells.
You didn't know any spells.
Your spell library was empty.

Dungeon Overview and Level Annotations

Branches:
Dungeon (1/15)

Altars:


Innate Abilities, Weirdness & Mutations

You have hooves in place of feet.
Armour fits poorly on your strangely shaped body.
You cover ground very quickly.
You have extremely tough skin. (AC +3)


Message History

You kill the leopard gecko!
Lugonu accepts your kill.
You aren't carrying any potions.
As you read the scroll of fog, it crumbles to dust.
The scroll dissolves into smoke.
You closely miss the leopard gecko. The leopard gecko barely misses you. x2
You hit the leopard gecko. Your kick misses the leopard gecko.
The leopard gecko is severely wounded.
The leopard gecko barely misses you.
You completely miss the leopard gecko. Your kick misses the leopard gecko.
The leopard gecko is severely wounded.
The leopard gecko closely misses you. The leopard gecko bites you.
* * * LOW HITPOINT WARNING * * *
The hobgoblin hits you but does no damage.
You hit the leopard gecko.
You kill the leopard gecko!
Lugonu accepts your kill.
You closely miss the hobgoblin. The hobgoblin closely misses you.
The hobgoblin hits you.
You die...

#+### #...####
#...#§§# #.<.§§§+
#...#§§# #...#g§#
##
.#####§@######.##
#....§§§§.......#
...######§§...###
##...## ##g## #†#
#.# #'# ...


You could see a hobgoblin.

Vanquished Creatures
  2 leopard geckos (D:1)
  A bat (D:1)
3 creatures vanquished.

Notes
Turn   | Place    | Note
-------+----------+-------------------------------------------
     0 | Abyss:1  | Gargoyl the Centaur Abyssal Knight began the quest for the
                  | Orb.
     0 | Abyss:1  | Reached XP level 1. HP: 19/19 MP: 2/2
   134 | Abyss:1  | Noticed a ynoxinul
   165 | Abyss:1  | Found a shimmering blue altar of Sif Muna.
   165 | Abyss:1  | Noticed a necromancer
   167 | Abyss:1  | Noticed an iron imp
   177 | Abyss:1  | Noticed an iron imp
   178 | Abyss:1  | Noticed a great orb of eyes
   179 | Abyss:1  | Noticed an orange demon
   195 | Abyss:1  | Paralysed by a great orb of eyes for 6 turns
   204 | Abyss:1  | Noticed a small abomination
   224 | D:1      | Escaped the Abyss
   323 | D:1      | Slain by a hobgoblin

Illustrated notes

Levels and vault maps discovered:
D:1:      dpeg_arrival_houses_and_road, layout_loops_corners

Action                   || total
-------------------------++-------
Melee: Hand axe          ||    17
       Kick              ||     3
Invok: Depart the Abyss  ||     1
  Use: Scroll            ||     3
Armor: Leather armour    ||     8
Dodge: Dodged            ||    16

Table legend:
 A = Non-vault XP
 B = Vault XP
 C = Vault XP percentage of total XP
 D = Non-vault monster count
 E = Vault monster count
 F = Vault count percentage of total count
                 A         B        C        D         E       F
            +---------+---------+-------+---------+---------+-------
      Total |       7 |       0 |   0.0 |       3 |       0 |   0.0
            +---------+---------+-------+---------+---------+-------
        D:1 |       7 |       0 |   0.0 |       3 |       0 |   0.0
            +---------+---------+-------+---------+---------+-------
